 Dungeon Crawl Stone Soup version 0.28.0-45-g0d030f2227 (webtiles) character file.

Game seed: 7369638029819638103

998 pkoi the Conjurer (level 7, -3/55 HPs)
             Began as a Demigod Conjurer on Apr 10, 2022.
             Slain by Duvessa
             ... wielding a +0 short sword
              (14 damage)
             ... on level 5 of the Dungeon.
             The game lasted 00:08:20 (6447 turns).

pkoi the Conjurer (Demigod Conjurer)                Turns: 6447, Time: 00:08:20

Health: -3/55      AC:  3    Str:  8    XL:     7   Next: 67%
Magic:  5/14       EV: 12    Int: 28    God:
Gold:   77         SH:  0    Dex: 12    Spells: 1/12 levels left

rFire   + . .      SeeInvis .   q - staff of conjuration
rCold   . . .      Faith    .   (no shield)
rNeg    . . .      Spirit   .   a - +0 robe
rPois   .          Reflect  .   (no helmet)
rElec   .          Harm     .   (no cloak)
rCorr   +          Rampage  .   l - +0 pair of gloves
Will    .....                   (no boots)
Stlth   ++........              (no amulet)
HPRegen 0.18/turn               i - ring of protection from fire
MPRegen 0.14/turn               r - ring of resist corrosion

@: no status effects
A: high MP 1, forlorn, divine attributes
a: no special abilities


You were on level 5 of the Dungeon.
You visited 1 branch of the dungeon, and saw 5 of its levels.
You also visited: Sewer.

You collected 173 gold pieces.
You spent 96 gold pieces at shops.

Inventory:

Hand Weapons
 g - a +0 quarterstaff
 h - a +2 dagger of draining
 o - a +2 short sword of flaming
Missiles
 b - a curare-tipped dart
 s - 4 poisoned darts
Armour
 a - a +0 robe (worn)
 l - a +0 pair of gloves (worn)
Magical Staves
 q - a staff of conjuration (weapon)
Jewellery
 i - a ring of protection from fire (left hand)
 r - a ring of resist corrosion (right hand)
Wands
 t - a wand of iceblast (8)
Scrolls
 c - 2 scrolls of blinking
 d - 4 scrolls of identify
 n - a scroll of teleportation
 p - a scroll of enchant armour {unknown}
 u - a scroll of torment {unknown}
Potions
 e - 2 potions of flight
 f - a potion of heal wounds
 j - a potion of haste
 k - 2 potions of curing
 m - a potion of mutation


   Skills:
 + Level 2.0 Fighting
 + Level 2.8 Dodging
 - Level 1.7 Stealth
 - Level 3.0 Spellcasting
 + Level 6.4 Conjurations
 * Level 2.3 Hexes
 * Level 3.1 Translocations
 + Level 2.1 Evocations


You had one spell level left.
You knew the following spells:

 Your Spells              Type           Power      Damage    Failure   Level
a - Magic Dart            Conj           100%       1d8       1%          1
b - Searing Ray           Conj           100%       2d8       1%          2
c - Iskenderun's Mystic   Conj/Tloc      46%        2d10      12%         4
d - Fulminant Prism       Conj/Hex       21%        3d13      14%         4

Your spell library contained the following spells:

 Spells                   Type           Power      Damage    Failure   Level
 Freeze                   Ice            16%        1d4       9%          1
 Dazzling Flash           Conj/Hex       86%        N/A       4%          3
 Hailstorm                Conj/Ice       33%        3d8       22%         4
 Frozen Ramparts          Ice            8%         1d2       24%         3


Dungeon Overview and Level Annotations

Branches:
Dungeon (5/15)              Sewer (visited)
 Temple: D:4-7

Shops:
D:1 [   D:3 ![*

Annotations:
D:3 1 runed translucent door, Crazy Yiuf
D:5 Duvessa


Innate Abilities, Weirdness & Mutations

You have an increased reservoir of magic. (+10% MP)
You shall have no god before yourself.
Your divine heritage dramatically boosts your attributes as you level up.


Message History

Press: ? - help, Q - select action, (/) - cycle Shift-Dir - straight line, f - you
Okay, then.
You hear a shout! x2
You start resting.
You hear a shout! x24
Magic restored.
You hear a shout!
You start resting.
You hear a shout! x4
Duvessa is nearby!
Duvessa is nearby!
Casting: Magic Dart (safe; 1% risk of failure)
Confirm with . or Enter, or press ? or * to list all spells.
You feel a surge of power!
You erupt in a blast of force!
The mystic blast hits Duvessa!
Duvessa is moderately wounded.
Duvessa is knocked back by the mystic blast.
Unknown command.
Casting: Iskenderun's Mystic Blast (dangerous; 12% risk of failure)
Confirm with . or Enter, or press ? or * to list all spells.
Aiming: Searing Ray (safe; 1% risk of failure)
Press: ? - help, Shift-Dir - straight line, f - Duvessa
Aim: Duvessa, wielding a +0 short sword and wearing a +0 ring mail (moderately wounded, berserk, 87% to hit)
You feel a surge of power!
The searing ray hits Duvessa!
Duvessa is heavily wounded. (Press . to maintain the ray.)
The searing ray hits Duvessa.
Duvessa is heavily wounded.
Duvessa hits you with a +0 short sword.
* * * LOW HITPOINT WARNING * * *
The searing ray misses Duvessa.
Duvessa hits you with a +0 short sword!!
* * * LOW HITPOINT WARNING * * *
The searing ray hits Duvessa!
Duvessa is severely wounded.
You finish channelling your searing ray.
Duvessa hits you with a +0 short sword!
* * * LOW HITPOINT WARNING * * *
Duvessa hits you with a +0 short sword!
You die...

### ### #.. ..# #.#
#.# #.# #.#
######.####.#
#.......))#.#########.
#.####@##.#....o..)...
#e##...o.........
#.##############.
##.####.#########
.................
.#.####....#.##
.#######..^####
..............#
....####...##.#


You could see Duvessa (berserk).

Vanquished Creatures
  Prince Ribbit (D:5)
  An ogre (D:5)
  2 centaurs (D:5)
  A kobold brigand (Sewer)
  A water moccasin zombie (D:5)
  Dowan (D:5)
  A jelly (D:5)
  A hound (D:4)
  Jessica (D:2)
  An orc wizard (D:3)
  A killer bee zombie (D:5)
  A hound zombie (D:4)
  A howler monkey zombie (D:3)
  A gnoll (D:1)
  7 adders
  3 river rats (D:4)
  An adder skeleton (D:4)
  2 dart slugs
  4 worms
  14 orcs
  7 bats
  11 endoplasms
  4 giant cockroaches
  4 goblins
  6 hobgoblins
  7 jackals
  5 quokkas
  6 ball pythons
  6 frilled lizards
  A jackal skeleton (D:4)
  11 kobolds
  11 rats
125 creatures vanquished.

Notes
Turn   | Place    | Note
-------+----------+-------------------------------------------
     0 | D:1      | pkoi the Demigod Conjurer began the quest for the Orb.
     0 | D:1      | Reached XP level 1. HP: 14/14 MP: 5/5
   158 | D:1      | Reached skill level 4 in Conjurations
   158 | D:1      | Reached XP level 2. HP: 20/20 MP: 0/7
   594 | D:1      | Found Ineec's Antique Armour Boutique.
   800 | D:1      | Reached XP level 3. HP: 23/26 MP: 5/8
  1353 | D:2      | Noticed Jessica
  1358 | D:2      | Killed Jessica
  1359 | D:2      | Reached skill level 5 in Conjurations
  1514 | D:2      | Learned a level 2 spell: Searing Ray
  1673 | D:2      | Reached XP level 4. HP: 33/33 MP: 6/9
  2740 | D:3      | Found Uwor's Distillery.
  2747 | D:3      | Found Qibbithru's Assorted Antiques.
  2989 | D:3      | Found Hant's Antique Armour Shoppe.
  3118 | D:3      | Found a runed translucent door.
  3119 | D:3      | Noticed Crazy Yiuf
  3204 | D:3      | Reached XP level 5. HP: 38/38 MP: 2/11
  3620 | D:3      | Bought a potion of mutation for 96 gold pieces
  3858 | D:4      | Learned a level 4 spell: Iskenderun's Mystic Blast
  4320 | D:4      | Reached skill level 1 in Translocations
  4455 | D:4      | Found a glowing drain.
  4464 | Sewer    | Entered a sewer
  4584 | Sewer    | Reached skill level 6 in Conjurations
  4584 | Sewer    | Reached XP level 6. HP: 13/46 MP: 5/13
  5749 | D:5      | Entered Level 5 of the Dungeon
  5772 | D:5      | Reached skill level 1 in Fighting
  5772 | D:5      | Reached skill level 1 in Evocations
  5816 | D:5      | Learned a level 4 spell: Fulminant Prism
  5843 | D:5      | Noticed Dowan
  5861 | D:5      | Killed Dowan
  6029 | D:5      | Noticed Duvessa
  6092 | D:5      | Reached skill level 1 in Hexes
  6092 | D:5      | Reached XP level 7. HP: 52/52 MP: 5/14
  6212 | D:5      | Noticed Prince Ribbit
  6222 | D:5      | Killed Prince Ribbit
  6447 | D:5      | Slain by Duvessa

Illustrated notes

Levels and vault maps discovered:
D:1:      wheals_arrival_shading, layout_loops_ring, serial_shops, shop,
          hellmonk_ecumenical_altar_slurped_away
D:2:      layout_loops_cross, uniq_jessica
D:3:      layout_loops_corners, serial_shops, nicolae_shop_trees, shop, shop,
          kennysheep_generic_room_5, uniq_crazy_yiuf_cottage
D:4:      layout_loops_cross, lightli_sewer_entry_pipes
D:5:      layout_loops_ring, st_stairs_13, uniq_eustachio, uniq_prince_ribbit1,
          uniq_duvessa

Skill      XL: |  1  2  3  4  5  6  7 |
---------------+----------------------+-----
Conjurations   | 4 5 6 |  6.4
Spellcasting   | 2 3 |  3.0
Translocations | 1 2 3 |  3.1
Dodging        | 2 |  2.8
Fighting       | 1 2 |  2.0
Evocations     | 1 2 |  2.1
Hexes          | 1 2 |  2.3
Stealth        | |  1.7

Action                   |  1- 3 |  4- 6 |  7- 9 || total
-------------------------+-------+-------+-------++-------
Melee: Dagger            |     1 |    13 |       ||    14
       Staff             |       |    35 |       ||    35
 Cast: Magic Dart        |    71 |   156 |     5 ||   232
       Searing Ray       |       |    10 |     5 ||    15
       Iskenderun's Myst |       |       |     1 ||     1
  Use: Scroll            |       |     4 |       ||     4
Armor: Robe              |       |    14 |     5 ||    19
Dodge: Dodged            |     3 |    47 |    10 ||    60
